 Dungeon Crawl Stone Soup version 0.28-a0-245-g639a1a48b9 (webtiles) character file.

Game seed: 5375274719109246923

30 willcat the Sneak (level 3, -3/23 HPs)
             Began as a Kobold Delver on Aug 24, 2021.
             Slain by a hound (5 damage)
             ... on level 5 of the Dungeon.
             The game lasted 00:00:17 (168 turns).

willcat the Sneak (Kobold Delver)                    Turns: 168, Time: 00:00:17

Health: -3/23      AC:  3    Str:  9    XL:     3   Next: 35%
Magic:  3/3        EV: 15    Int: 11    God:
Gold:   12         SH:  0    Dex: 17    Spells: 2/2 levels left

rFire   . . .      SeeInvis .   a - +0 short sword
rCold   . . .      Faith    .   (shield restricted)
rNeg    . . .      Spirit   .   b - +0 leather armour
rPois   .          Reflect  .   (no helmet)
rElec   .          Harm     .   (no cloak)
rCorr   .          Rampage  .   (no gloves)
Will    .....                   (no boots)
Stlth   ++++......              (no amulet)
HPRegen 0.07/turn               (no ring)
MPRegen 0.08/turn               (no ring)

@: no status effects
A: small, no large weapons, nightstalker 3
a: no special abilities


You were on level 5 of the Dungeon.
You visited 1 branch of the dungeon, and saw 1 of its levels.

You collected 12 gold pieces.

Inventory:

Hand Weapons
 a - a +0 short sword (weapon)
Armour
 b - a +0 leather armour (worn)
Wands
 g - a wand of digging (2)
Scrolls
 c - a scroll of fog
 d - a scroll of magic mapping
 e - a scroll of fear
Potions
 f - a potion of haste


   Skills:
 - Level 3.2 Fighting
 + Level 3.5 Short Blades
 + Level 3.1 Dodging
 + Level 7.0 Stealth


You had 2 spell levels left.
You didn't know any spells.
Your spell library was empty.

Dungeon Overview and Level Annotations

Branches:
Dungeon (5/15)
 Temple: D:4-7

Altars:


Innate Abilities, Weirdness & Mutations

You are small and have problems with some larger weapons.
You are completely attuned to the shadows.


Message History

You hit the hound.
The hound is moderately wounded.
The hound bites you.
* * * LOW HITPOINT WARNING * * *
The hound barely misses you.
You hit the hound.
The hound is moderately wounded.
The hound misses you.
You hit the hound.
The hound is heavily wounded.
The hound bites you.
* * * LOW HITPOINT WARNING * * *
You hit the hound.
The hound is heavily wounded.
The hound bites you but does no damage. The hound barely misses you.
You hit the hound.
The hound is heavily wounded.
The hound pauses to sniff the ground.
The hound bites you but does no damage.
Unknown command.
You hit the hound but do no damage.
The hound is heavily wounded.
The hound bites you but does no damage. The hound barely misses you.
Unknown command.
You hit the hound but do no damage.
The hound is heavily wounded.
The hound barely misses you.
Unknown command.
You hit the hound.
The hound is severely wounded.
The hound closely misses you.
Unknown command.
You hit the hound.
The hound is severely wounded.
The hound closely misses you. The hound misses you.
Unknown command.
You closely miss the hound.
The hound is severely wounded.
The hound bites you.
You die...

#.......#'#.##.....###
##...........#######..
#.................#..
...........#.....+Y.
...........#.....#..
...........#######..
#####'###...........#
....#...#...........#
...h@...#...........#
....#...#...........#
######+##...........#


You could see a hound.

Vanquished Creatures
  A hound (D:5)
1 creature vanquished.

Notes
Turn   | Place    | Note
-------+----------+-------------------------------------------
     0 | D:5      | willcat the Kobold Delver began the quest for the Orb.
     0 | D:5      | Reached XP level 1. HP: 14/14 MP: 1/1
    21 | D:5      | Noticed a hound
    25 | D:5      | Killed a hound
    26 | D:5      | Reached skill level 7 in Stealth
    26 | D:5      | Reached XP level 2. HP: 19/19 MP: 2/2
    26 | D:5      | Reached XP level 3. HP: 23/23 MP: 3/3
   130 | D:5      | Noticed an ice beast
   161 | D:5      | HP: 1/23 [hound (4)]
   168 | D:5      | Slain by a hound

Illustrated notes

Levels and vault maps discovered:
D:5:      layout_gridville, mainiacjoe_overflow_catch_the_wave,
          gammafunk_ghost_grave, st_stairs_9

Skill      XL: |  1 |
---------------+----+-----
Short Blades   | 3 |  3.5
Dodging        | 3 |  3.1
Stealth        | 7 |  7.0
Fighting       | |  3.2

Action                   || total
-------------------------++-------
Melee: Short sword       ||    14
Evoke: Wand              ||     1
 Stab: Sleeping          ||     1
Armor: Leather armour    ||     3
Dodge: Dodged            ||     8

Table legend: (Time is in decaauts)
 A = Elapsed time spent in this place.
 B = Non-inter-level travel time spent in this place.
 C = Inter-level travel time spent in this place.
 D = Time resting spent in this place.
 E = Time spent auto-exploring this place.
 F = Levels seen in this place.
 G = Mean time per level.
                   A        B        C        D        E       F      G
               +--------+--------+--------+--------+--------+-----+--------+
         Total |    167 |    167 |      0 |      0 |    136 |   1 |  167.0 |
       Dungeon |    167 |    167 |      0 |      0 |    136 |   1 |  167.0 |
               +--------+--------+--------+--------+--------+-----+--------+

Top non-repeatable levels by time:
     D:5: 167 daAuts
